 Dungeon Crawl Stone Soup version 0.27.0-66-gdc8fb28755 (webtiles) character file.

Game seed: 15143608939053995122

157 Malachi the Magician (level 5, -1/36 HPs)
             Began as a Djinni Fire Elementalist on Aug 20, 2021.
             Slain by a hound (5 damage)
             ... on level 3 of the Dungeon.
             The game lasted 00:07:09 (5091 turns).

Malachi the Magician (Djinni Fire Elementalist)     Turns: 5091, Time: 00:07:09

Health: -1/36      AC:  3    Str:  7    XL:     5   Next: 66%
Gold:   37         EV: 13    Int: 18    God:
                   SH:  0    Dex: 13

rFire    + + .     SeeInvis .   (no weapon)
rCold    x . .     Faith    .   (no shield)
rNeg     . . .     Spirit   .   a - +0 robe
rPois    ∞         Reflect  .   d - +0 helmet
rElec    .         Harm     .   (no cloak)
rCorr    .         Rampage  .   (no gloves)
Will     .....                  (boots unavailable)
Stlth    ++........             (no amulet)
HPRegen  0.12/turn              (no ring)
MPRegen  0.00/turn              (no ring)

@: flying
A: sickness immunity, fire resistance 2, cold vulnerability 1, float, innate
caster, hp casting, extra vitality 1
a: no special abilities


You were on level 3 of the Dungeon.
You visited 1 branch of the dungeon, and saw 3 of its levels.

You collected 37 gold pieces.

Inventory:

Armour
 a - a +0 robe (worn)
 d - a +0 helmet (worn)
Scrolls
 b - a scroll of identify
 e - a scroll of enchant armour {unknown}
 h - a scroll of brand weapon
 i - a scroll of teleportation
Potions
 c - a potion of haste
 g - 2 potions of curing


   Skills:
 + Level 0.5 Fighting
 + Level 3.1 Dodging
 - Level 2.0 Stealth
 + Level 4.0 Spellcasting


You couldn't memorise any spells.
You knew the following spells:

 Your Spells              Type           Power      Damage    Failure   Level
a - Foxfire               Conj/Fire      72%        2x1d7     2%          1
b - Conjure Flame         Conj/Fire      18%        6-21      9%          3
c - Inner Flame           Hex/Fire       18%        N/A       9%          3
d - Sticky Flame          Conj/Fire      18%        2d4       26%         4
e - Fireball              Conj/Fire      9%         3d6       58%         5
f - Corona                Hex            20%        N/A       2%          1
g - Searing Ray           Conj           36%        3d4       4%          2
Your spell library was empty.

Dungeon Overview and Level Annotations

Branches:
Dungeon (3/15)

Altars:
Fedhas


Innate Abilities, Weirdness & Mutations

You are immune to sickness and miasma.
You are immune to poison.
Your flesh is very heat resistant. (rF++)
You are vulnerable to cold. (rC-)
You float through the air rather than walking.
You learn spells naturally, not from books.
Your magical power is your life essence.
You have superior vitality. (+4 HP)


Message History

The hound smothers the flame.
Casting: Conjure Flame (dangerous; 9% risk of failure)
Confirm with . or Enter, or press ? or * to list all spells.
The fire begins to smoulder!
The hound misses you. The hound bites you.
Unknown command.
The hound bites you.
The fire ignites!
Really fly into that cloud of flame?
Okay, then.
The hound bites you.
You see here a +0 club.
The hound misses you. x2
The hound bites you but does no damage.
Casting: Conjure Flame (dangerous; 9% risk of failure)
Confirm with . or Enter, or press ? or * to list all spells.
The fire begins to smoulder!
The hound misses you.
Unknown command.
The hound bites you but does no damage.
The hound smothers the flame.
You closely miss the hound.
The hound is moderately wounded.
The hound barely misses you.
Casting: Conjure Flame (dangerous; 9% risk of failure)
Confirm with . or Enter, or press ? or * to list all spells.
The fire begins to smoulder!
* * * LOW HITPOINT WARNING * * *
The hound closely misses you. The hound bites you.
* * * LOW HITPOINT WARNING * * *
Unknown command.
The hound bites you but does no damage.
You smother the flame.
The hound misses you. The hound bites you.
* * * LOW HITPOINT WARNING * * *
The hound pauses to sniff the ground.
The hound completely misses you. The hound bites you.
* * * LOW HITPOINT WARNING * * *
The hound barely misses you. The hound bites you but does no damage.
The hound barely misses you.
The hound pauses to sniff the ground.
The hound closely misses you. The hound bites you.
You die...

#.# #.#
#.#
##.#.
#.# ...
#g# ...
#.# ...
#.######
#.####
#g.g.h.#
#.##..
######@#
#.##.#
#.#
#.##.#
#.#
#.....
#.#
###.##.#
#.#
#.....[.
#.#
#...##..
#.#
#.######
#.# #.#
# #.#
#.# #


You could see a hound, a hobgoblin and a goblin.

Vanquished Creatures
  Terence (D:3)
  4 gnolls (D:3)
  2 adders (D:2)
  A worm (D:2)
  A dart slug (D:2)
  7 orcs
  8 bats
  4 endoplasms
  A giant cockroach (D:1)
  9 goblins
  5 hobgoblins
  7 jackals
  4 kobolds
  A quokka (D:3)
  3 ball pythons
  A frilled lizard (D:2)
59 creatures vanquished.

Vanquished Creatures (others)
  236 foxfires
236 creatures vanquished.

Grand Total: 295 creatures vanquished

Notes
Turn   | Place    | Note
-------+----------+-------------------------------------------
     0 | D:1      | Malachi the Djinni Fire Elementalist began the quest for
                  | the Orb.
     0 | D:1      | Reached XP level 1. HP: 15/15 MP: 0/0
   215 | D:1      | Found a faded altar of an unknown god.
   359 | D:1      | Reached XP level 2. HP: 20/21 MP: 0/0
  1488 | D:2      | Reached skill level 3 in Spellcasting
  1488 | D:2      | Reached XP level 3. HP: 9/25 MP: 0/0
  1488 | D:2      | Learned a level 1 spell: Corona
  2622 | D:2      | Reached XP level 4. HP: 28/31 MP: 0/0
  3047 | D:3      | Noticed Terence
  3310 | D:3      | Reached XP level 5. HP: 21/35 MP: 0/0
  3310 | D:3      | Learned a level 2 spell: Searing Ray
  3396 | D:2      | HP: 1/35 [orc (3)]
  3841 | D:3      | Killed Terence
  3842 | D:3      | Reached skill level 4 in Spellcasting
  4890 | D:3      | Found a blossoming altar of Fedhas.
  5091 | D:3      | Slain by a hound

Illustrated notes

Levels and vault maps discovered:
D:1:      roderic_octagonal_star, layout_loops_ring,
          ebering_ecumenical_altar_hall
D:2:      layout_loops_ring
D:3:      layout_loops_ring, lemuel_tele_altar, gammafunk_temple_overflow_wave,
          uniq_robin, uniq_terence

Skill      XL: |  1  2  3  4  5 |
---------------+----------------+-----
Spellcasting   | 3 4 |  4.0
Stealth        | 2 |  2.0
Dodging        | 3 |  3.1
Fighting       | |  0.5

Action                   |  1- 3 |  4- 6 || total
-------------------------+-------+-------++-------
Melee: Unarmed           |       |     1 ||     1
 Cast: Foxfire           |    71 |    91 ||   162
       Conjure Flame     |       |     8 ||     8
  Use: Scroll            |       |     6 ||     6
Armor: Robe              |     9 |    15 ||    24
Dodge: Dodged            |    33 |    50 ||    83
